 Dungeon Crawl Stone Soup version 0.29-a0-841-g116ddc6ace (webtiles) character file.

Game seed: 15731770000069055274

95 jimonade the Shield-Bearer (level 4, 0/38 HPs)
             Began as a Formicid Fighter on July 14, 2022.
             Killed from afar by Terence (16 damage)
             ... with a bolt of dispelling energy
             ... on level 3 of the Dungeon.
             The game lasted 00:04:34 (2215 turns).

jimonade the Shield-Bearer (Formicid Fighter)       Turns: 2215, Time: 00:04:35

Health: 0/38       AC: 11    Str: 21    XL:     4   Next: 97%
Magic:  4/4        EV:  9    Int:  5    God:
Gold:   145        SH:  5    Dex: 13    Spells: 3/3 levels left

rFire   . . .      SeeInvis +   b - +8 sling of Action {vorpal, rElec rN+ Int-4}
rCold   + . .      Faith    .   c - +0 buckler
rNeg    + . .      Spirit   .   j - +0 scale mail
rPois   .          Reflect  .   (helmet unavailable)
rElec   +          Harm     .   (no cloak)
rCorr   .          Rampage  .   (no gloves)
Will    .....                   (no boots)
Stlth   ..........              (no amulet)
HPRegen 0.12/turn               m - +4 ring of protection
MPRegen 0.09/turn               k - ring of protection from cold

@: no status effects
A: permanent stasis, dig shafts and tunnels, antennae 3, four strong arms
a: Dig, Shaft Self


You were on level 3 of the Dungeon.
You visited 1 branch of the dungeon, and saw 3 of its levels.

You collected 145 gold pieces.

Inventory:

Hand Weapons
 a - a +0 quarterstaff
 b - the +8 sling of Action (weapon) {vorpal, rElec rN+ Int-4}
   (You found it on level 2 of the Dungeon)

   Any ammunition fired from it inflicts extra damage upon your enemies.
   Int:       It affects your intelligence (-4).
   rElec:     It insulates you from electricity.
   rN:        It protects you from negative energy.
 q - a +0 sling
Missiles
 f - 40 stones
 l - 5 javelins
Armour
 c - a +0 buckler (worn)
 j - a +0 scale mail (worn)
Jewellery
 k - a ring of protection from cold (right hand)
 m - a +4 ring of protection (left hand)
Scrolls
 g - 2 scrolls of enchant weapon {unknown}
 h - 2 scrolls of identify {unknown}
 i - 2 scrolls of fear {unknown}
Potions
 d - a potion of might
 e - a potion of mutation {unknown}
 n - a potion of curing {unknown}
 o - a potion of degeneration {unknown}
 p - a potion of flight {unknown}


   Skills:
 * Level 4.3 Fighting
 + Level 3.1 Staves
 + Level 0.1 Ranged Weapons
 + Level 3.7 Armour
 + Level 4.4 Shields
 * Level 0.3 Spellcasting


You had 3 spell levels left.
You didn't know any spells.
Your spell library contained the following spells:

 Spells                   Type           Power      Damage    Failure   Level
 Fireball                 Conj/Fire      0%         3d3       100%        5
 Iskenderun's Battlesphe  Conj           0%         2d6       100%        5
 Manifold Assault         Tloc           0%         N/A       100%        5
 Conjure Ball Lightning   Conj/Air       0%         3x3d6     100%        6
 Orb of Destruction       Conj           0%         9d5       100%        7
 Storm Form               Tmut/Air       0%         N/A       100%        7
 Blink                    Tloc           Unusable   N/A       N/A         2

Dungeon Overview and Level Annotations

Branches:
Dungeon (3/15)

Altars:

Annotations:
D:3 Terence


Innate Abilities, Weirdness & Mutations

You cannot be hasted, slowed, berserked, paralysed or teleported.
You can dig through walls and to a lower floor.
You have a pair of large antennae on your head. (SInv)
Your four strong arms can wield two-handed weapons with a shield.


Message History

You feel very sick. The bat hits you but does no damage.
The adder completely misses you. The adder barely misses you.
You block the adder's attack.
You shoot a sling bullet. The sling bullet hits the adder!
You kill the adder!
You feel sick. You block the bat's attack.
Your Staves skill increases to level 3!
You feel sick.
Things that are here:
an adder corpse; an adder corpse You feel sick.
You feel sick. The bat hits you but does no damage. x2
You shoot a sling bullet. The sling bullet hits the bat.
You kill the bat!
You feel sick.
You are no longer poisoned.
There is an open door here.
You start resting.
HP restored.
You start waiting.
Done waiting.
You now have 108 gold pieces (gained 15).
You now have 118 gold pieces (gained 10).
Found a stone staircase leading down.
g - 2 scrolls labelled RILIQI PAERAB (gained 1)
You now have 133 gold pieces (gained 15).
There is a stone staircase leading down here.
There is a shaft here.
You now have 145 gold pieces (gained 12).
Terence the Incautious comes into view.
He is wielding a +0 trident and carrying a wand of quicksilver (12).
Terence shouts!
You shoot a sling bullet. The sling bullet hits Terence!
Terence is heavily wounded.
Terence zaps a wand.
The bolt of dispelling energy hits you!
Terence zaps a wand.
The bolt of dispelling energy hits you.
An endoplasm comes into view.
You are too injured to fight recklessly!
You are too injured to fight recklessly!
Terence zaps a wand.
The bolt of dispelling energy hits you!
You die...

..... #.# #.#
.J. #.# #.# .@.
#.# #.# ... #.#
#.# #.# #^# #.#
#.# #.# #.# #{#
#.# #.# {
#@###########.#
#.#
#.......@.....#
#.#
#..############
#.# #..# #.#
#..# #.# #..#
#.# #..# #.#
#..# #.# #.##
#.# ###
########.#


You could see Terence.

Vanquished Creatures
  A gnoll (D:1)
  3 adders
  A worm (D:2)
  A dart slug (D:1)
  An orc (D:3)
  5 bats
  6 endoplasms
  3 giant cockroaches
  4 hobgoblins
  6 jackals (D:1)
  4 kobolds (D:1)
  2 quokkas (D:1)
  2 ball pythons
  2 frilled lizards (D:1)
  4 goblins (D:1)
  4 rats
49 creatures vanquished.

Notes
Turn   | Place    | Note
-------+----------+-------------------------------------------
     0 | D:1      | jimonade the Formicid Fighter began the quest for the Orb.
     0 | D:1      | Reached XP level 1. HP: 18/18 MP: 1/1
    43 | D:1      | Reached XP level 2. HP: 13/25 MP: 2/2
   337 | D:1      | Reached XP level 3. HP: 29/30 MP: 3/3
   957 | D:1      | Reached XP level 4. HP: 36/37 MP: 4/4
  1348 | D:2      | Identified the +8 sling of Action {vorpal, rElec rN+ Int-4}
  2207 | D:3      | Noticed Terence
  2215 | D:3      | Killed from afar by Terence

Illustrated notes

Levels and vault maps discovered:
D:1:      lightli_iron_boxes, layout_basic
D:2:      layout_rooms, kennysheep_generic_room_9
D:3:      layout_basic, serial_shops, nicolae_shop_behind_doors,
          minmay_distorted, uniq_terence

Skill      XL: |  1  2  3  4 |
---------------+-------------+-----
Fighting       | 4 |  4.3
Staves         | 3 |  3.1
Ranged Weapons | |  0.1
Armour         | |  3.7
Shields        | |  4.4
Spellcasting   | |  0.3

Action                   |  1- 3 |  4- 6 || total
-------------------------+-------+-------++-------
Melee: Quarterstaff      |    89 |    22 ||   111
 Fire: Sling             |       |    24 ||    24
Armor: Scale mail        |    46 |    22 ||    68
Dodge: Dodged            |    30 |    21 ||    51
Block: Buckler           |    22 |    10 ||    32

Table legend: (Time is in decaauts)
 A = Elapsed time spent in this place.
 B = Non-inter-level travel time spent in this place.
 C = Inter-level travel time spent in this place.
 D = Time resting spent in this place.
 E = Time spent auto-exploring this place.
 F = Levels seen in this place.
 G = Mean time per level.
                   A        B        C        D        E       F      G
               +--------+--------+--------+--------+--------+-----+--------+
         Total |   2251 |   2218 |     33 |    371 |   1322 |   3 |  750.3 |
       Dungeon |   2251 |   2218 |     33 |    371 |   1322 |   3 |  750.3 |
               +--------+--------+--------+--------+--------+-----+--------+

Top non-repeatable levels by time:
     D:1: 1143 daAuts
     D:2: 582 daAuts
     D:3: 525 daAuts
